AoeStats
← Darking COL

Nomad

504641293Analyzed
4v4 RM · 27d ago on Sep 6, 2026· 48m 25s· 8 players
Game mode
Random Map
Map size
231×231
Population
200
Speed
Normal
Resources
Standard
Victory
Conquest
Starting age
Dark Age
Ending age
Imperial Age
RankedLock teamsTeams togetherTeam positionsShared explorationLock speedFull tech treeHidden civsTurbo modeCheats
Victory
Defeat
🇨🇳 Spanish · China
1071
+15
🇨🇦 Japanese · Canada
1054
+16
🇹🇼 Burgundians · Taiwan
1028
+17
🇹🇼 Hindustanis · Taiwan
997
+18
🇨🇴 Huns · Colombia
1093
-18
🇨🇴 Vietnamese · Colombia
1088
-18
🇧🇷 Jurchens · Brazil
1063
-46
🇨🇴 Maya · Colombia
972
-13
614Superdry
9:48 Loom
14:12 Feudal Age
15:35 Double-Bit Axe
20:52 Fishing Lines
24:55 Castle Age
23:01 Gold Mining
23:02 Stone Mining
23:32 Man-at-Arms
23:58 Arson
24:27 Forging
24:17 Scale Mail Armor
26:30 Gambesons
26:09 Long Swordsman
27:29 Iron Casting
27:46 Pikeman
32:00 Wheelbarrow
31:42 Fletching
33:22 Gillnets
42:13 Imperial Age
40:20 Bodkin Arrow
41:19 Chain Mail Armor
42:13 Squires
42:20 Treadmill Crane
43:20 Conscription
44:23 Chemistry
43:51 Capped Ram
45:06 Kataparuto
47:27 Blast Furnace
48:10 Hand Cart
48:27 Plate Mail Armor
47:58 Bracer
nvda
7:36 Loom
15:08 Feudal Age
20:13 Castle Age
18:37 Horse Collar
18:46 Double-Bit Axe
19:39 Bow Saw
21:27 Wheelbarrow
21:55 Two-Man Saw
27:31 Heavy Plow
28:43 Gold Mining
30:46 Stone Mining
32:15 Hand Cart
36:05 Imperial Age
33:52 Cavalier
34:33 Husbandry
34:49 Forging
34:47 Scale Barding Armor
35:50 Chain Barding Armor
36:08 Iron Casting
38:00 Blast Furnace
36:23 Paladin
37:52 Plate Barding Armor
39:58 Chemistry
39:18 Ballistics
39:28 Treadmill Crane
39:53 Scale Mail Armor
40:48 Fletching
41:01 Padded Archer Armor
40:37 Elite Skirmisher
42:21 Bodkin Arrow
42:41 Leather Archer Armor
42:10 Pikeman
42:50 Squires
42:36 Arson
44:48 Town Watch
45:07 Bracer
45:25 Chain Mail Armor
46:56 Plate Mail Armor
48:26 Gold Shaft Mining
48:27 Stone Shaft Mining
48:09 Light Cavalry
Hao
4:42 Loom
4:47 Loom
14:56 Feudal Age
21:17 Castle Age
20:14 Double-Bit Axe
22:03 Wheelbarrow
21:24 Stone Mining
31:37 Fishing Lines
33:25 Bow Saw
33:50 Gillnets
39:20 Hand Cart
39:08 Town Watch
45:10 Imperial Age
44:04 Husbandry
47:32 Two-Man Saw
47:59 Forging
tate
14:41 Loom
17:19 Feudal Age
22:53 Castle Age
20:59 Double-Bit Axe
21:37 Horse Collar
25:31 Town Watch
28:26 Bow Saw
31:40 Bloodlines
36:28 Padded Archer Armor
44:10 Imperial Age
42:38 Scale Barding Armor
43:46 Gold Mining
44:00 Heavy Plow
44:33 Forging
44:20 Cavalier
46:12 Conscription
49:10 Chain Barding Armor
49:25 Iron Casting
Moraletti
16:18 Feudal Age
16:27 Loom
21:52 Castle Age
31:04 Scale Barding Armor
31:09 Forging
33:02 Bloodlines
33:43 Double-Bit Axe
33:42 Horse Collar
35:28 Chain Barding Armor
36:45 Forging
36:39 Husbandry
38:01 Wheelbarrow
43:01 Imperial Age
44:20 Plate Barding Armor
44:20 Iron Casting
45:22 Parthian Tactics
44:51 Fletching
45:01 Padded Archer Armor
46:51 Bodkin Arrow
46:21 Heavy Cavalry Archer
47:26 Conscription
Darking COL
4:23 Loom
19:23 Feudal Age
21:27 Wheelbarrow
20:37 Horse Collar
20:45 Double-Bit Axe
25:56 Castle Age
27:56 Hand Cart
27:26 Town Watch
29:55 Pikeman
30:36 Squires
30:26 Arson
34:44 Town Patrol
34:53 Eagle Warrior
37:50 Bow Saw
37:35 Gold Mining
47:02 Medium Warships
DKT | Toruk Makto
6:18 Loom
13:50 Feudal Age
15:24 Double-Bit Axe
24:10 Castle Age
23:35 Scale Barding Armor
29:36 Town Watch
29:58 Fletching
38:29 Bodkin Arrow
46:26 Imperial Age
jairohs17
4:45 Loom
13:50 Feudal Age
17:45 Castle Age
17:43 Wheelbarrow
16:55 Horse Collar
17:09 Stone Mining
18:04 Double-Bit Axe
18:46 Bow Saw
19:12 Fletching
21:57 Bodkin Arrow
23:43 Hand Cart
26:42 Padded Archer Armor
27:17 Heavy Plow
29:50 Ballistics
31:42 Leather Archer Armor
32:04 Gold Mining
32:52 Stone Shaft Mining
32:24 Town Watch
36:59 Imperial Age
37:44 Bracer
38:46 Chemistry
38:41 Capped Ram
40:50 Ring Archer Armor
40:07 Elite Rattan Archer
41:10 Paper Money
42:02 Murder Holes
42:13 Siege Engineers
42:47 Scale Mail Armor
42:58 Forging
45:16 Chain Mail Armor
45:38 Iron Casting
45:34 Town Patrol
45:55 Pikeman
46:35 Squires
47:41 Plate Mail Armor
46:53 Halberdier
Connection lost

Rejoining the realm…

Still unreachable

The connection could not be restored.

Session expired

The server has moved on; the page needs a fresh start.